 Dungeon Sprint DCSS version 0.23.2-30-g0e89c35 (webtiles) character file.

Game seed: 11772078842561042440

13236 Fang the Warrior (level 12, -8/88 HPs)
             Began as a Gargoyle Berserker on June 10, 2019.
             Was the Champion of Trog.
             Mangled by a vampire knight
             ... wielding a +1 long sword
              (15 damage)
             ... in the Dungeon (Sprint V: "Ziggurat Sprint").
             The game lasted 00:03:50 (1507 turns).

Fang the Warrior (Gargoyle Berserker)               Turns: 1507, Time: 00:03:50

Health: -8/88      AC: 40    Str: 25    XL:     12   Next: 3%
Magic:  21/21      EV: 16    Int:  9    God:    Trog [******]
Gold:   0          SH:  3    Dex: 12    Spells: 11/11 levels left

rFire    . . .     SeeInvis +   a - +8 frozen axe "Frostbite" {freezing cloud, *Noise +Fly rC+}
rCold    + . .     Gourm    .   (shield currently unavailable)
rNeg     + . .     Faith    .   j - +15 Maxwell's patent armour {-Cast -Tele rElec MR+ rCorr}
rPois    ∞         Spirit   .   E - +0 mask of the Dragon {MR+ Slay+3 SInv}
rElec    +         Reflect  +   (no cloak)
rCorr    +         Harm     .   (no gloves)
MR       ++...     NoTele   +   (no boots) Stlth ..........NoCast +
                                b - +3 amulet of reflection
HPRegen  0.24/turn              z - +3 ring of evasion
MPRegen  0.17/turn              B - ring "Buvisu" {+Fly rElec MP+9 Dex+3}

@: berserk cooldown, slowed, very slow
A: negative energy resistance 1, electricity resistance, unbreathing,
petrification resistance, rot immunity, AC +8
a: Berserk, Trog's Hand, Brothers in Arms, Renounce Religion, Evoke Flight


You were in the Dungeon.
You worshipped Trog.
Trog was exalted by your worship.
You were near starving.

You visited 1 branch

Inventory:

Hand Weapons
 a - the +8 frozen axe "Frostbite" (weapon) {freezing cloud, *Noise +Fly rC+}
   (You found it in the Dungeon)

   It has been specially enchanted to freeze those struck by it, causing extra
   injury to most foes and up to half again as much damage against particularly
   susceptible opponents.
   It can also slow down cold-blooded creatures.
   It protects you from cold.
   It lets you fly.
   It may make noises in combat.
 k - a +5 executioner's axe
 q - a +5 battleaxe of chopping
 u - the +4 hand axe of Mayffeax {chop, +Inv Str+6 Dex-4}
   (You took it off a spriggan druid in the Dungeon)

   It inflicts extra damage upon your enemies.
   It affects your strength (+6).
   It affects your dexterity (-4).
   It lets you turn invisible.
 A - a +4 antimagic war axe
Armour
 j - the +15 Maxwell's patent armour (worn) {-Cast -Tele rElec MR+ rCorr}
   (You found it in the Dungeon)

   It insulates you from electricity.
   It affects your resistance to hostile enchantments.
   It prevents spellcasting.
   It prevents most forms of teleportation.
   It provides partial protection from all sources of acid and corrosion.
 E - the +0 mask of the Dragon (worn) {MR+ Slay+3 SInv}
   (You found it in the Dungeon)

   It affects your accuracy and damage with ranged weapons and melee attacks
   (+3).
   It affects your resistance to hostile enchantments.
   It lets you see invisible.
Jewellery
 b - a +3 amulet of reflection (around neck)
 z - a +3 ring of evasion (left hand)
 B - the ring "Buvisu" (right hand) {+Fly rElec MP+9 Dex+3}
   (You found it in the Dungeon)

   [ring of flight]

   It affects your dexterity (+3).
   It insulates you from electricity.
   It affects your magic capacity (+9).
   It lets you fly.
 C - the ring of Ijojot {-Tele rElec MP+9 Str+2 Dex+9}
   (You found it in the Dungeon)

   [ring of magical power]

   It affects your strength (+2).
   It affects your dexterity (+9).
   It insulates you from electricity.
   It affects your magic capacity (+9).
   It prevents most forms of teleportation.
Wands
 w - a wand of disintegration (7)
 x - a wand of iceblast (7)
 y - a wand of acid (7)
Scrolls
 i - 4 scrolls of blinking
 l - 7 scrolls of fog
 m - a scroll of holy word
 n - 5 scrolls of identify
 o - 5 scrolls of remove curse
 p - 2 scrolls of fear
Potions
 d - 10 potions of curing
 e - 10 potions of heal wounds
 f - 6 potions of haste
 h - 3 potions of berserk rage
 r - 2 potions of invisibility
 s - 4 potions of resistance
 t - a potion of experience
 v - 5 potions of might
Comestibles
 c - 6 rations


   Skills:
 + Level 15.9 Fighting
 + Level 13.7 Axes
 + Level 15.8 Armour
 + Level 12.6 Dodging


You had 11 spell levels left.
You didn't know any spells.
Your spell library was empty.

Dungeon Overview and Level Annotations

Branches:
Dungeon (1/1)

Altars:
Ashenzari
Cheibriados
Dithmenos
Elyvilon
Fedhas
Gozag
Hepliaklqana
Kikubaaqudgha
Makhleb
Nemelex Xobeh
Okawaru
Qazlal
Ru
Sif Muna
Trog
Uskayaw
Vehumet
Wu Jian
Xom
Yredelemnul
Zin
The Shining One
Beogh
Jiyva
Lugonu

Annotations:
D 1 transporter


Innate Abilities, Weirdness & Mutations

You are resistant to torment.
Your stone body is resilient. (AC +8)
You are immune to poison.
You resist negative energy. (rN+)
You are resistant to electric shocks. (rElec)
You can survive without breathing.
You are immune to petrification.
You are immune to rotting.


Message History

You completely miss the vampire knight.
The vampire knight is almost destroyed.
The vampire knight completely misses you.
You block the vampire knight's attack.
The vampire knight casts a spell at you.
You resist with almost no effort.
The vampire knight casts a spell at you.
You resist with almost no effort.
Your cyclops goes berserk!
You feel somewhat more hungry.
The vampire knight gestures at you while chanting.
You resist with almost no effort.
The vampire knight hits you but does no damage.
The vampire knight bites you.
* * * LOW HITPOINT WARNING * * *
The vampire knight is infused with unholy energy.
* * * LOW HITPOINT WARNING * * *
The vampire knight draws life force from you and is healed!
The vampire knight hits you with a +1 long sword!
You die...

▓...8©8...▓...8©8...▓.
▓..:.=":}.▓..[=.||..▓.
▓..|.|=)..▓..}:}.)..▓.
▓.........▓.........▓.
▓.........▓.........▓.
▓.........▓.....)...▓.
▓.....)...▓.........▓.
▓..▓†V)▓..▓.........▓.
▓.▓..@..▓.▓.▓..)..▓.▓.
▓...C©....▓....©....▓▓
▓▓▓▓▓▓▓▓▓▓▓▓▓▓▓▓▓▓▓▓▓


You could see a vampire knight (invisible) and a friendly cyclops (berserk).

Vanquished Creatures
  A ghoul (D)
  2 dancing weapons (D)
  A vampire mage (D)
  2 spriggan druids (D)
  2 skeletal warriors (D)
  2 flayed ghosts (D)
  2 deep elf magi (D)
  A necromancer (D)
  A rime drake (D)
  An ice devil (D)
  A tormentor (D)
  A red devil (D)
  2 jumping spiders (D)
  2 hornets (D)
  An air elemental (D)
  11 spriggans (D)
  3 tarantellas (D)
  A wraith (D)
  4 fire elementals (D)
  A hog (shapeshifter) (D)
  A naga (D)
  2 water moccasins (D)
  A hell hound (D)
  2 ice beasts (D)
  2 black bears (D)
  A necrophage (D)
  A phantom (D)
  2 wolves (D)
  4 scorpions (D)
  A wight (D)
  An adder (D)
  2 white imps (D)
  An adder skeleton (D)
  4 adder zombies (D)
  5 ball pythons (D)
  A bat skeleton (D)
  A bat zombie (D)
  A bat simulacrum (D)
75 creatures vanquished.

Vanquished Creatures (others)
  A hell hog (D)
1 creature vanquished.

Grand Total: 76 creatures vanquished

Notes
Turn   | Place    | Note
-------+----------+-------------------------------------------
     0 | D        | Found the +6 Majin-Bo {vamp, Archmagi MP+6 Int+6}
     0 | D        | Found the +7 great mace "Firestarter" {inner flame, rF++}
     0 | D        | Fang the Gargoyle Berserker began the quest for the Orb.
     0 | D        | Reached XP level 1. HP: 14/14 MP: 1/1
     0 | D        | Found a blossoming altar of Fedhas.
     1 | D        | Found a transporter.
     1 | D        | Found a viscous altar of Jiyva.
     1 | D        | Found an ancient bone altar of Kikubaaqudgha.
     1 | D        | Found a hazy altar of Hepliaklqana.
     1 | D        | Found a corrupted altar of Lugonu.
     1 | D        | Found an opulent altar of Gozag.
     1 | D        | Found a burning altar of Makhleb.
     5 | D        | Found a stormy altar of Qazlal.
     5 | D        | Found an iron altar of Okawaru.
     5 | D        | Found a sacrificial altar of Ru.
     5 | D        | Found a sparkling altar of Nemelex Xobeh.
     5 | D        | Found a deep blue altar of Sif Muna.
     5 | D        | Found a bloodstained altar of Trog.
    11 | D        | Found the +9 heavy crossbow "Sniper" {velocity, Acc+∞ SInv}
    11 | D        | Found the +10 dark maul {crush}
    11 | D        | Found the +15 Maxwell's patent armour {-Cast -Tele rElec
                  | MR+ rCorr}
    11 | D        | Found the +18 shield of the Gong {rElec rN+ MR+ EV-5}
    11 | D        | Found the cursed +14 obsidian axe {chop, +Fly SInv *Curse}
    83 | D        | Entered arena 2.
    83 | D        | Found a transporter.
    95 | D        | Entered arena 3.
    95 | D        | Noticed a naga
    95 | D        | Found a transporter.
   100 | D        | Reached ** piety under Trog
   101 | D        | Killed a naga
   101 | D        | Reached skill level 5 in Axes
   101 | D        | Reached skill level 5 in Armour
   101 | D        | Reached XP level 2. HP: 17/22 MP: 2/2
   101 | D        | Reached XP level 3. HP: 21/27 MP: 3/3
   101 | D        | Reached XP level 4. HP: 25/32 MP: 4/4
   101 | D        | Reached XP level 5. HP: 28/36 MP: 5/5
   167 | D        | Entered arena 4.
   167 | D        | Noticed a tarantella
   167 | D        | Noticed a tarantella
   167 | D        | Found a transporter.
   173 | D        | Killed a tarantella
   173 | D        | Reached *** piety under Trog
   173 | D        | Reached skill level 5 in Dodging
   173 | D        | Reached XP level 6. HP: 44/44 MP: 6/6
   175 | D        | Killed a tarantella
   175 | D        | Reached XP level 7. HP: 50/50 MP: 7/7
   269 | D        | Entered arena 5.
   269 | D        | Found a transporter.
   275 | D        | Reached **** piety under Trog
   307 | D        | Entered arena 6.
   307 | D        | Noticed a tarantella
   307 | D        | Noticed a jumping spider
   307 | D        | Noticed a jumping spider
   307 | D        | Found a transporter.
   312 | D        | Killed a jumping spider
   312 | D        | Reached skill level 10 in Fighting
   312 | D        | Reached XP level 8. HP: 57/57 MP: 8/8
   318 | D        | Killed a jumping spider
   318 | D        | Reached ***** piety under Trog
   318 | D        | Reached skill level 10 in Armour
   321 | D        | Killed a tarantella
   435 | D        | Entered arena 7.
   435 | D        | Noticed a hell hog
   436 | D        | Found a transporter.
   442 | D        | Killed a hell hog
   442 | D        | Reached skill level 10 in Axes
   442 | D        | Reached XP level 9. HP: 19/65 MP: 9/9
   713 | D        | Entered arena 8.
   713 | D        | Noticed a +3 antimagic long sword
   713 | D        | Noticed a deep elf mage
   713 | D        | Noticed a deep elf mage
   713 | D        | Noticed a +3 dire flail of crushing
   714 | D        | Found the +8 frozen axe "Frostbite" {freezing cloud, *Noise
                  | +Fly rC+}
   714 | D        | Found a transporter.
   719 | D        | Killed a +3 antimagic long sword
   720 | D        | Killed a +3 dire flail of crushing
   720 | D        | Received a gift from Trog
   721 | D        | Killed a deep elf mage
   721 | D        | Reached ****** piety under Trog
   723 | D        | Reached XP level 10. HP: 72/72 MP: 10/10
   724 | D        | Killed a deep elf mage
   725 | D        | Reached skill level 10 in Dodging
   772 | D        | Entered arena 9.
   773 | D        | Found a transporter.
   774 | D        | Received a gift from Trog
  1047 | D        | Entered arena 10.
  1047 | D        | Noticed a spriggan rider
  1047 | D        | Noticed a spriggan druid
  1048 | D        | Identified the +8 hunting sling of Death {velocity, Dex+8
                  | Stlth-}
  1048 | D        | Found a transporter.
  1051 | D        | Killed a spriggan druid
  1051 | D        | Received a gift from Trog
  1061 | D        | Killed a spriggan rider
  1061 | D        | Reached XP level 11. HP: 80/80 MP: 11/11
  1116 | D        | Entered arena 11.
  1116 | D        | Noticed a spriggan druid
  1116 | D        | Noticed a spriggan rider
  1117 | D        | Identified the +4 hand axe of Mayffeax {chop, +Inv Str+6
                  | Dex-4}
  1121 | D        | Received a gift from Trog
  1125 | D        | Killed a spriggan druid
  1126 | D        | Received a gift from Trog
  1127 | D        | Found a transporter.
  1179 | D        | Got the ring "Buvisu" {+Fly rElec MP+9 Dex+3}
  1235 | D        | Entered arena 12.
  1235 | D        | Noticed a flayed ghost
  1236 | D        | Noticed a flayed ghost
  1237 | D        | Found the +0 mask of the Dragon {MR+ Slay+3 SInv}
  1243 | D        | Killed a flayed ghost
  1243 | D        | Received a gift from Trog
  1244 | D        | Found a transporter.
  1249 | D        | Killed a flayed ghost
  1249 | D        | Reached skill level 15 in Fighting
  1252 | D        | Reached skill level 15 in Armour
  1300 | D        | Got the ring of Ijojot {-Tele rElec MP+9 Str+2 Dex+9}
  1481 | D        | Entered arena 13.
  1481 | D        | Noticed a vampire mage
  1481 | D        | Noticed a skeletal warrior
  1481 | D        | Noticed a skeletal warrior
  1482 | D        | Noticed a necromancer
  1482 | D        | Noticed a ghoul
  1482 | D        | Noticed a vampire knight
  1485 | D        | Received a gift from Trog
  1489 | D        | Killed a skeletal warrior
  1491 | D        | Killed a vampire mage
  1494 | D        | Killed a ghoul
  1494 | D        | Killed a necromancer
  1494 | D        | Received a gift from Trog
  1495 | D        | Found a transporter.
  1501 | D        | Killed a skeletal warrior
  1501 | D        | Reached XP level 12. HP: 49/88 MP: 12/12
  1507 | D        | Mangled by a vampire knight

Skill      XL: |  1  2  3  4  5  6  7  8  9 10 11 |
---------------+----------------------------------+-----
Axes           | 5 6 7 8 10 12 13 | 13.7
Dodging        | 4 5 6 7 9 11 12 | 12.6
Fighting       | 6 8 10 11 12 14 15 | 15.9
Armour         | 5 7 8 9 11 12 13 15 | 15.8

Action                   |  1- 3 |  4- 6 |  7- 9 | 10-12 || total
-------------------------+-------+-------+-------+-------++-------
Melee: Executioner's axe |     8 |     5 |    36 |    76 ||   125
Invok: Berserk           |       |     1 |     3 |     4 ||     8
       Brothers in Arms  |       |       |       |     1 ||     1
  Eat: Chunk             |       |       |     2 |     3 ||     5
       Ration            |       |       |       |     1 ||     1
Armor: Plate armour      |    19 |    10 |    76 |    78 ||   183
Dodge: Dodged            |     6 |     7 |    50 |    78 ||   141
Block: Other             |       |       |    13 |    14 ||    27
